 Dungeon Crawl Stone Soup version 0.29.0-7-g18a832c13a (webtiles) character file.

Game seed: 16382871988958511526

78 gelatine the Vexing (level 4, -8/31 HPs)
             Began as a Demonspawn Enchanter on Aug 31, 2022.
             Was a Priest of Jiyva.
             Mangled by an iguana (13 damage)
             ... on level 4 of the Dungeon.
             The game lasted 00:05:34 (2419 turns).

gelatine the Vexing (Demonspawn Enchanter)          Turns: 2419, Time: 00:05:37

Health: -8/31      AC:  2    Str: 10    XL:     4   Next: 15%
Magic:  5/7        EV: 12    Int: 16    God:    Jiyva [***...]
Gold:   71         SH:  0    Dex: 14    Spells: 2/7 levels left

rFire   + . .      SeeInvis .   a - +1 dagger
rCold   + . .      Faith    .   (no shield)
rNeg    + . .      Spirit   .   b - +0 robe
rPois   .          Reflect  .   (no helmet)
rElec   .          Harm     .   h - scarf {rC+ rF+}
rCorr   +          Rampage  .   (no gloves)
Will    .....                   (no boots)
Stlth   ++........              (no amulet)
HPRegen 1.22/turn               f - ring of positive energy
MPRegen 0.45/turn               (no ring)

@: very slightly contaminated
A: spiny 1
a: Renounce Religion, Oozemancy


You were on level 4 of the Dungeon.
You worshipped Jiyva.
Jiyva was most pleased with you.
You visited 1 branch of the dungeon, and saw 4 of its levels.

You collected 71 gold pieces.

Inventory:

Hand Weapons
 a - a +1 dagger (weapon)
Missiles
 e - 2 javelins (quivered)
 g - 5 atropa-tipped darts
 l - 5 boomerangs
Armour
 b - a +0 robe (worn)
 h - a scarf of resistance (worn)
Jewellery
 f - a ring of positive energy (left hand)
Scrolls
 d - a scroll of magic mapping {unknown}
 i - a scroll of poison {unknown}
 j - a scroll of teleportation {unknown}
 k - a scroll of vulnerability {unknown}
Potions
 c - 2 potions of invisibility


   Skills:
 + Level 0.3 Fighting
 + Level 1.9 Short Blades
 + Level 2.3 Dodging
 + Level 3.2 Stealth
 + Level 2.3 Spellcasting
 + Level 3.4 Hexes


You had 2 spell levels left.
You knew the following spells:

 Your Spells              Type           Power      Damage    Failure   Level
a - Ensorcelled Hibernat  Hex/Ice        14%        N/A       16%         2
b - Confusing Touch       Hex            12%        N/A       14%         3

Your spell library contained the following spells:

 Spells                   Type           Power      Damage    Failure   Level
 Tukima's Dance           Hex            12%        N/A       14%         3
 Dazzling Flash           Conj/Hex       14%        N/A       30%         3


Dungeon Overview and Level Annotations

Branches:
Dungeon (4/15)
 Temple: D:4-7

Altars:
Jiyva


Innate Abilities, Weirdness & Mutations

You are partially covered in sharp spines.


Message History

HP restored.
Magic restored.
Done exploring.
Done exploring.
There is a stone staircase leading down here.
You climb downwards.
There is a stone staircase leading up here.
You hear a distant slurping noise.
A goblin comes into view. It is wielding a +0 dagger.
An iguana, an orc priest, an orc and an orc wizard come into view. 2 orcs come into view.
An orc is wielding a +2 hand axe of venom.
Found a runed dagger.
The goblin shouts!
The iguana hisses angrily.
The orc wizard shouts!
The orc shouts!
The orc priest shouts!
The orc shouts! x2
The orc wizard mumbles some strange words.
The orc wizard flickers and vanishes!
Deactivating autopickup; reactivate with Ctrl-A.
The goblin hits you with a +0 dagger. The iguana bites you!
Casting: Ensorcelled Hibernation (safe; 16% risk of failure)
Confirm with . or Enter, or press ? or * to list all spells.
Aiming: Ensorcelled Hibernation (safe; 16% risk of failure)
Press: ? - help, Shift-Dir - straight line, f - iguana
Aim: an iguana (chance to affect: 50%)
The iguana resists with some effort.
The goblin is struck by your spines.
You kill the goblin!
The iguana bites you.
Unknown command.
The iguana attacks as you move away! The iguana bites you!
* * * LOW HITPOINT WARNING * * *
Okay, then.
Casting: Ensorcelled Hibernation (safe; 16% risk of failure)
Confirm with . or Enter, or press ? or * to list all spells.
Aiming: Ensorcelled Hibernation (safe; 16% risk of failure)
Press: ? - help, Shift-Dir - straight line, f/p - iguana
Aim: an iguana (chance to affect: 50%)
You miscast Ensorcelled Hibernation.
You are very lightly contaminated with residual magic.
Nothing appears to happen.
The iguana bites you!
You die...

.. . . .. ##. ..
#.. .##.###.#
......#.#####
).......l@..#####
###....###..<..#
#....).# #######
#......# #.......
......oo.
.#......#.
........##
##.......


You could see an iguana.

Vanquished Creatures
  2 adders (D:3)
  A worm (D:2)
  A dart slug (D:1)
  4 ball pythons
  2 endoplasms (D:1)
  5 giant cockroaches
  8 goblins
  2 hobgoblins
  3 jackals (D:2)
  6 kobolds
  4 quokkas
  3 bats
  5 frilled lizards
  5 rats
51 creatures vanquished.

Vanquished Creatures (others)
  A jelly (D:3)
  An adder (D:3)
  4 gnolls (D:3)
  2 dart slugs (D:3)
  A worm (D:2)
  2 endoplasms (D:3)
  3 goblins
  2 hobgoblins
  3 quokkas
  2 ball pythons (D:3)
  A frilled lizard (D:3)
  4 fungi (D:2)
  10 plants (D:2)
36 creatures vanquished.

Grand Total: 87 creatures vanquished

Notes
Turn   | Place    | Note
-------+----------+-------------------------------------------
     0 | D:1      | gelatine the Demonspawn Enchanter began the quest for the
                  | Orb.
     0 | D:1      | Reached XP level 1. HP: 13/13 MP: 3/3
   310 | D:1      | Gained mutation: You are partially covered in sharp spines.
                  | [demonic ancestry]
   310 | D:1      | Reached XP level 2. HP: 9/19 MP: 5/5
   765 | D:1      | Reached skill level 1 in Short Blades
  1148 | D:2      | Reached XP level 3. HP: 23/24 MP: 6/6
  1152 | D:2      | Found a faded altar of an unknown god.
  1160 | D:2      | Prayed at the altar of an unknown god.
  1160 | D:2      | Became a worshipper of Jiyva Jurphos the Shapeless
  1160 | D:2      | Reached * piety under Jiyva
  1408 | D:2      | Reached ** piety under Jiyva
  1678 | D:3      | Learned a level 2 spell: Ensorcelled Hibernation
  1682 | D:3      | Learned a level 3 spell: Confusing Touch
  2149 | D:3      | Reached XP level 4. HP: 31/31 MP: 7/7
  2171 | D:3      | Reached *** piety under Jiyva
  2419 | D:4      | Mangled by an iguana

Illustrated notes

Levels and vault maps discovered:
D:1:      lemuel_arrival_funnel, layout_basic
D:2:      layout_loops_ring, shapermc_ecumenical_altar_mp_ritualfount
D:3:      layout_loops_corners, grunt_decor_arrowhead, grunt_ministairs_9,
          minmay_misc_feat_iff
D:4:      layout_rooms, serial_bayou_pond_b

Skill      XL: |  1  2  3 |
---------------+----------+-----
Dodging        | 2 |  2.3
Short Blades   | 1 |  1.9
Stealth        | 3 |  3.2
Fighting       | |  0.3
Spellcasting   | |  2.3
Hexes          | |  3.4

Action                   |  1- 3 |  4- 6 || total
-------------------------+-------+-------++-------
Melee: Dagger            |   108 |     2 ||   110
       Punch             |     1 |       ||     1
Throw: Javelin           |     2 |       ||     2
 Cast: Ensorcelled Hiber |     1 |     2 ||     3
  Use: Potion            |     2 |       ||     2
 Stab: Invisible         |     1 |       ||     1
       Sleeping          |    10 |     1 ||    11
Armor: Robe              |    14 |       ||    14
Dodge: Dodged            |    45 |     1 ||    46
